Map: Ascension vers Aïur EC

Players

Amy

  • Race: Zerg Zerg
  • League: Diamond
  • Spawn Location: 5:00

zuka - Winner!

  • Race: Protoss Protoss
  • League: Master
  • Spawn Location: 11:00

VOD

Have the link to the VOD?

Description

Time

  • Played on: Nov. 30, 2017, 3:35 p.m.
  • Length: 4:50
Show
View Real Time Build Order
Export as new Build Order

Amy Zerg 

Build Orders: Hatch First 

Get SALT Encoding   

  12  0:01  Drone  
  13  0:14  Overlord  
  13  0:20  Drone  
  14  0:33  Drone x2  
  16  0:38  Drone  
  17  0:53  Hatchery  
  17  0:57  Drone  
  17  0:59  Drone  
  18  1:10  Extractor  
  17  1:14  Spawning Pool  
  17  1:16  Extractor  
  15  1:20  Drone  
  17  1:31  Drone x2  
  19  1:53  Overlord  
  19  2:01  Queen  
  19  2:02  Drone  
  19  2:06  Drone x2  
  24  2:09  Queen  
  24  2:15  Roach Warren  
  25  2:18  Drone  
  25  2:21  Drone  
  27  2:25  Drone  
  27  2:28  Drone  
  29  2:31  Metabolic Boost  
  29  2:44  Overlord x2  
  29  2:56  Roach x2  
  29  2:57  Zergling x2  
  34  3:01  Drone  
  35  3:25  Roach x4  
  43  3:29  Overlord x2  
  43  3:36  Ravager  
  43  3:40  Zergling x6  
  43  3:41  Zergling x2  
  48  3:51  Zergling x2  
  48  3:55  Roach x2  
  53  3:56  Zergling x10  
  53  3:57  Zergling x2  
  59  4:07  Zergling x2  
  59  4:08  Zergling x2  
  53  4:24  Roach x3  
  53  4:31  Zergling x12  
Show
View Real Time Build Order
Export as new Build Order

zuka Protoss - Winner!

Build Orders: 1 Gate Expand, Oracle Opening 

Get SALT Encoding   

  12  0:01  Probe  
  13  0:13  Probe  
  14  0:19  Pylon  
  14  0:25  Probe  
  15  0:37  Probe (Chrono Boost)  
  15  0:40  Gateway  
  16  0:49  Probe (Chrono Boost)  
  17  0:52  Probe (Chrono Boost)  
  17  0:54  Assimilator  
  18  1:03  Probe  
  18  1:04  Pylon  
  19  1:15  Probe (Chrono Boost)  
  21  1:25  Probe (Chrono Boost)  
  21  1:33  Nexus  
  21  1:43  Cybernetics Core  
  21  1:46  Probe  
  22  1:50  Assimilator  
  22  1:57  Pylon  
  22  2:00  Probe  
  23  2:15  Probe  
  23  2:20  Adept (Chrono Boost)  
  26  2:26  Stargate  
  26  2:28  Probe  
  27  2:34  Warp Gate (Chrono Boost)  
  27  2:40  Probe  
  27  2:41  Adept (Chrono Boost)  
  30  2:46  Probe  
  31  2:52  Probe  
  31  2:53  Gateway  
  33  2:58  Probe  
  33  3:04  Probe  
  34  3:10  Probe  
  38  3:17  Oracle (Chrono Boost)  
  39  3:23  Shield Battery  
  39  3:25  Pylon  
  38  3:31  Shield Battery  
  38  3:32  Stalker  
  40  3:42  Void Ray  
  44  3:48  Gateway  
  44  3:57  Pylon  
  44  3:58  Probe x2  
  46  4:10  Probe x2  
  48  4:27  Stalker  
  48  4:28  Stalker  
Tags
 
Add a new tag
Caveats
  • Supply blocks, unpowered buildings, or Contaminate may cause inaccurate times.
  • Supply counts are checked every 10 seconds.